[Event "Swietokrzyskie GM Chess-ch 2022"]
[Site "Zagnansk"]
[Date "2022.04.30"]
[Round "1.1"]
[White "Mikrut, IM Dariusz"]
[Black "Kowalski, IM Igor"]
[Result "0-1"]
[ECO "D12"]
[WhiteElo "2361"]
[BlackElo "2370"]
[Annotator "TA"]
[PlyCount "90"]
[EventDate "2022.04.29"]
[EventCountry "POL"]
[SourceTitle "playchess.com"]
[Source "ChessBase"]
[SourceQuality "1"]
[TimeControl "40/5400+30:1800+30"]

1. d4 d5 2. c4 c6 3. Nf3 Nf6 4. e3 Bf5 5. Nc3 e6 6. Nh4 Be4 7. f3 Bg6 8. Qb3 Qc7 9. Kf2 {[%emt 0:02:46] D12: Slav Defence: 3 Nf3 Nf6 4 e3 Bf5.} Nbd7 10. g3 dxc4 {[%emt 0:09:14] [#]} 11. Bxc4 $146 {[%emt 0:06:51] The position is equal.} ({Predecessor:} 11. Qxc4 e5 12. Bg2 Bd6 13. Re1 O-O 14. Nxg6 hxg6 15. Ne2 c5 16. Kf1 Rfd8 17. dxc5 {½-½ (41) Arabidze,M (2332)-Voit,D (2315) Albena 2011}) 11... b5 12. Be2 a5 13. Nxg6 hxg6 14. Bd2 (14. Kg2 {looks sharper.} Rd8 15. Qc2 b4 16. Ne4) 14... Bd6 15. Kg2 O-O 16. Rac1 {[%emt 0:11:24][%cal Oc3b5] Threatens to win with Nxb5!} Qa7 17. g4 b4 18. Na4 c5 19. dxc5 Nxc5 20. Nxc5 Bxc5 21. e4 $1 Rfd8 22. Rhd1 Rxd2 23. Rxd2 {[%emt 0:01:18] Rdc2 is the strong threat.} Be3 $132 {[%emt 0:00:03][%mdl 2048] Black has counterplay} 24. Rcd1 Bxd2 25. Rxd2 Qc5 26. Rc2 Qg5 27. Kh1 (27. Qd3 $11 {keeps the balance.}) 27... Rd8 $17 28. a3 Qh4 {[%emt 0:10:56] Black is more active.} (28... Rd2 $17) 29. Kg2 $11 Qe1 30. axb4 axb4 31. Qe3 $1 {[%emt 0:01:43] Prevents Rd2.} e5 ({Resist} 31... Rd1 32. Rc8+ Kh7 33. Qf2 Qh1+ 34. Kh3 $16) 32. Rc1 Qd2 33. Qxd2 Rxd2 {[%emt 0:00:01][%mdl 4096] Endgame KRB-KRN} 34. Rc8+ Kh7 35. Kf1 Rxb2 36. Rc7 b3 {[%emt 0:02:54][%cal Bb4b3,Bb3b2][%mdl 32] White must now prevent ...Rc2.} 37. Rxf7 Rc2 {[%emt 0:00:11] Hoping for ...b2.} 38. Rb7 $1 b2 39. Kf2 $2 {[%emt 0:00:35][%mdl 8192] [#] This move loses the game for White.} (39. Bd3 $11 {and White is okay.} Rxh2 40. Ke1) 39... Nd7 $1 $19 40. Ke3 Nc5 41. Rb4 (41. Bd3 $142 Rc3 42. Rxb2 Rxd3+ 43. Kf2) 41... Rc3+ 42. Kd2 Rb3 43. Rxb3 Nxb3+ 44. Kc2 Nd4+ 45. Kxb2 Nxe2 {[%emt 0:00:03] Weighted Error Value: White=0.50/Black=0.06 (flawless)} 0-1

[Event "Swietokrzyskie GM Chess-ch 2022"]
[Site "Zagnansk"]
[Date "2022.04.30"]
[Round "1.2"]
[White "Pacan-Milej, FM Kosma"]
[Black "Budisavljevic, GM Luka"]
[Result "0-1"]
[ECO "A40"]
[WhiteElo "2404"]
[BlackElo "2509"]
[Annotator "TA"]
[PlyCount "76"]
[EventDate "2022.04.29"]
[EventCountry "POL"]
[SourceTitle "playchess.com"]
[Source "ChessBase"]
[SourceQuality "1"]
[TimeControl "40/5400+30:1800+30"]

1. d4 e6 2. c4 b6 3. Nf3 Bb7 4. g3 Bb4+ 5. Bd2 Bxf3 6. exf3 Bxd2+ 7. Qxd2 Nf6 8. Nc3 d5 9. cxd5 Nxd5 10. Bg2 {[%emt 0:00:58] A40: Unusual replies to 1 d4.} Nc6 11. f4 Nce7 12. O-O {[%emt 0:01:39] The position is equal.} O-O 13. Ne4 c6 14. Rac1 Rc8 15. Ng5 Qd6 16. Rfd1 Rfd8 {[%emt 0:02:21] [#]} 17. Nf3 $146 ({Predecessor:} 17. Qe2 h6 18. Nf3 Nf5 19. Rc4 Rc7 20. a3 c5 21. Qe5 f6 22. Qe1 cxd4 23. Nxd4 Rxc4 24. Nxe6 {1-0 (67) Lysyj,I (2618)-Maghsoodloo,P (2594) Moscow 2018}) 17... h5 18. Ne5 Nf5 19. Qe2 g6 20. a3 Nde7 21. Nf3 Rc7 22. Rd2 Rcd7 23. Rcd1 Qc7 24. Qc4 Rd6 25. h3 Nd5 26. Rc1 {[%emt 0:04:55] [#]} (26. Qc1 $11) 26... h4 $1 $17 27. g4 Nfe7 {[%emt 0:00:02][%cal Bf5e7,Be7d5,Bd5f4][%mdl 32] Pair of Knights!} 28. Nxh4 Nxf4 {[%emt 0:00:01][%cal Od6d4] aiming for ...Rxd4!} 29. Nf3 Nxg2 30. Kxg2 Nd5 31. Ne5 {[%emt 0:02:57] White does not recover from this.} (31. Qb3 $17) 31... Nf4+ $19 32. Kf3 g5 {[%emt 0:11:22] Threatens to win with ...c5.} 33. Nxc6 Rf8 {[%emt 0:00:04] ...f5 is the strong threat.} 34. Ne5 (34. Rdc2 $17 {might work better.}) 34... Qb7+ 35. d5 $2 (35. Ke3) 35... f6 {[%emt 0:01:29] Black is clearly winning.} 36. Nc6 Qh7 37. Rh1 exd5 38. Qc2 {[%emt 0:00:29] [#]} Rxc6 $1 {[%emt 0:00:18][%mdl 512] Weighted Error Value: White=0.61/Black=0.13 (very precise)} 0-1

[Event "Swietokrzyskie GM Chess-ch 2022"]
[Site "Zagnansk"]
[Date "2022.04.30"]
[Round "1.5"]
[White "Samunenkov, FM Ihor"]
[Black "Tazbir, GM Marcin"]
[Result "1/2-1/2"]
[ECO "A45"]
[WhiteElo "2372"]
[BlackElo "2506"]
[Annotator "TA"]
[PlyCount "168"]
[EventDate "2022.04.29"]
[EventCountry "POL"]
[SourceTitle "playchess.com"]
[Source "ChessBase"]
[SourceQuality "1"]
[TimeControl "40/5400+30:1800+30"]

1. d4 Nf6 2. Nc3 d5 3. Bf4 c5 4. e4 Nxe4 5. Nxe4 dxe4 6. dxc5 {[%emt 0:00:20] D00: 1 d4 d5: Unusual lines.} Qa5+ 7. c3 {[%emt 0:00:54] aiming for b4.} Qxc5 8. Qa4+ Nc6 9. Qxe4 g6 10. Nf3 Bg7 11. Qe3 Qxe3+ 12. Bxe3 {[%emt 0:03:58] [#]} Be6 $146 ({Predecessor:} 12... O-O 13. Be2 b6 14. O-O Bb7 15. Rfd1 Rfd8 16. Nd2 Rd7 17. Nb3 Rxd1+ 18. Rxd1 Rd8 19. Rxd8+ Nxd8 {½-½ (46) Niemann,H (2642)-Hakobyan,A (2601) Chess.com INT 2022}) 13. Ng5 Bf5 14. Bc4 O-O 15. Bd5 (15. O-O-O $11) 15... Na5 (15... Ne5 $15 {was preferrable.} 16. O-O e6) 16. Ke2 h6 (16... Bd7 {with more complications.} 17. Rhd1 Bb5+ 18. Kd2 h6) 17. Nf3 e6 18. Bb3 Be4 19. Rhd1 a6 20. Ne1 Rfc8 21. f3 Bc6 22. Nd3 Bb5 23. Kf2 Rd8 24. Nc5 Nxb3 25. axb3 Bc6 26. b4 Rxd1 27. Rxd1 Re8 28. f4 f6 29. g4 g5 30. Kg3 Kf7 31. h3 gxf4+ 32. Kxf4 h5 {[%emt 0:00:37] Strongly threatening ...Bh6+.} 33. Kg3 $1 hxg4 34. hxg4 f5 35. Rf1 $2 (35. gxf5 $11 exf5 36. Bd4) 35... Be5+ 36. Bf4 {[%emt 0:00:23] [#]} Bf6 {[%emt 0:00:06] This bishop pair is nice.} ({Much less strong is} 36... Bb5 37. Re1 Bxf4+ 38. Kxf4 $14) 37. gxf5 Rg8+ ({And not} 37... exf5 38. Nd3 $17) 38. Kf2 {[%emt 0:01:02] [#]} exf5 (38... Rg2+ $1 $17 39. Ke1 Rxb2 40. fxe6+ Ke8) 39. Ke3 Re8+ 40. Kd2 $1 Rd8+ 41. Kc1 Rh8 42. Kd2 Rh3 43. Rf2 Bh4 44. Rh2 (44. Re2 $11) 44... Rxh2+ $17 45. Bxh2 {[%emt 0:00:02][%mdl 4096] Endgame KBB-KBN} Bg5+ 46. Ke1 Kf6 (46... f4 $17 47. Nd3 Bh4+ 48. Kd2 f3 49. Ne5+ Ke6 50. Nxc6 bxc6) 47. Nd3 $15 Bh4+ 48. Kd2 Be4 49. Nf4 Kg5 50. Ke3 $1 Bc6 (50... Kg4 $5 51. Ng6 Bd8 52. Ne5+ Kh3 $15) 51. Nh3+ Kg4 52. Nf2+ Kh5 (52... Bxf2+ $5 53. Kxf2 f4 $15) 53. Nd3 Bg5+ 54. Bf4 Bd8 55. Ne5 Bb6+ 56. Kd2 Kh4 57. Be3 Bc7 58. Bf4 Kh3 59. Ke2 Be4 60. Kf2 Bd8 61. Nf7 Kg4 62. Nxd8 {[%emt 0:00:30] Threatens to win with Bc7.} Kxf4 $11 {[%emt 0:00:02] KB-KN} 63. Ne6+ $1 Ke5 64. Nd4 f4 65. Ke2 Kd5 66. Kf2 Ke5 67. Ke2 Bg6 68. Nb3 {[%emt 0:00:32] The position is equal.} b6 69. Nd2 Bf7 70. Kf3 Bd5+ 71. Kf2 Kf5 72. Ke2 Kg4 73. Kf2 b5 74. Nf1 Kf5 {[%emt 0:00:41] Hoping for ...Ke4.} 75. Nd2 Ke5 76. Ke2 Bc4+ 77. Kf2 Bg8 78. Kf3 Bf7 79. Ke2 Kf5 80. Kf2 Bd5 81. Ke2 Kg4 {[%emt 0:00:52] White must now prevent ...Kg3.} 82. Kf2 f3 83. Nf1 {[%emt 0:00:18] White threatens Ne3+ and mate.} Kf4 84. Nd2 Kg4 {[%emt 0:01:14] Weighted Error Value: White=0.15 (very precise) /Black=0.11 (very precise)} 1/2-1/2

[Event "Swietokrzyskie GM Chess-ch 2022"]
[Site "Zagnansk"]
[Date "2022.05.01"]
[Round "2.1"]
[White "Kowalski, IM Igor"]
[Black "Tazbir, GM Marcin"]
[Result "0-1"]
[ECO "E15"]
[WhiteElo "2370"]
[BlackElo "2506"]
[Annotator "TA"]
[PlyCount "86"]
[EventDate "2022.04.29"]
[EventCountry "POL"]
[SourceTitle "playchess.com"]
[Source "ChessBase"]
[SourceQuality "1"]
[TimeControl "40/5400+30:1800+30"]

1. d4 Nf6 2. c4 e6 3. Nf3 b6 4. g3 Ba6 5. b3 d5 6. Bg2 Be7 {[%emt 0:02:40] E15: Queen's Indian: 4 g3 sidelines, 4 g3 Ba6 and 4 g3 Bb7 early deviations.} 7. O-O O-O 8. cxd5 exd5 {[%emt 0:00:13] The position is equal.} 9. Nc3 Bb7 10. Bf4 a6 11. a3 Re8 12. b4 {[%emt 0:01:18] [#]} Nh5 $146 ({Predecessor:} 12... Nbd7 13. Qb3 Nf8 14. Rfd1 Ne6 15. Be5 c6 16. Rac1 Ra7 17. a4 Ba8 18. b5 cxb5 19. axb5 a5 20. Bxf6 Bxf6 {1-0 (52) Malakhatko,V (2507)-Zaibi,A (2373) Algiers 2015}) 13. Be3 Nf6 14. Qb3 Nbd7 15. Rfd1 b5 16. a4 c6 17. a5 Bf8 18. Bg5 Qe7 19. Rab1 Qe6 20. Nd2 Ng4 21. e4 h6 22. Bf4 g5 23. Be3 Qg6 24. exd5 Nxe3 25. fxe3 {[%emt 0:00:35] And now Rf1 would win.} Rac8 26. dxc6 Bxc6 27. Bxc6 (27. d5 $5 Ba8 28. e4 $14) 27... Rxc6 28. Nd5 Nf6 {[%emt 0:01:12] Prevents e4.} 29. Nxf6+ Qxf6 30. Rf1 Qe7 31. e4 Rd8 32. Qe3 (32. d5 $5 Rc7 33. Rfe1 $14) 32... Bg7 33. e5 Qa7 (33... Qd7 $5 ) 34. Nb3 Rc4 35. Rf2 ({White should play} 35. Rf3 $16) 35... Qe7 (35... Rxb4 $11 36. Rbf1 Qd7) 36. Rbf1 $16 Qxb4 {[%emt 0:00:43] [#] White must now prevent ...Rc3.} 37. Rxf7 (37. e6 $1 $16 Rc3 38. exf7+ Kf8 39. Qe4 Rxb3 40. Qh7 Qxd4 41. Qg8+ Ke7 42. Re1+ Re3 43. Rxe3+ Qxe3 44. Qxg7 Qe1+ 45. Kg2 Qe4+ 46. Rf3 Rd2+ 47. Kh3 g4+ 48. Qxg4 Qxg4+ 49. Kxg4) 37... Rc3 $11 38. Qe4 (38. Qf2 $11 Qxb3 {[#]} 39. Rxg7+ $1 Kxg7 40. Qf6+ Kh7 41. Qe7+ (41. Qxd8 Rxg3+ 42. hxg3 Qxg3+ 43. Kh1 Qh3+ 44. Kg1 Qg3+ 45. Kh1 Qh3+ 46. Kg1 Qg3+ $11) 41... Kg6 42. Qxd8 Rxg3+ 43. Kh1 (43. hxg3 Qxg3+ 44. Kh1 Qh3+ 45. Kg1 Qg3+ 46. Kh1 Qh3+ 47. Kg1 Qg3+ $11)) 38... Rxb3 $15 39. e6 $2 {[%emt 0:01:24][%mdl 8192] This costs White the game.} (39. Qf5 $15 Qxd4+ 40. Rf2) 39... Qxd4+ $19 {[%emt 0:00:07] Black is clearly winning.} 40. Qxd4 Bxd4+ (40... Rxd4 $2 41. e7 Re3 42. Rf8+ Kh7 43. e8=Q Rxe8 44. Rxe8 $18) 41. Kh1 {[%emt 0:15:05] Strongly threatening e7.} Re8 42. Rd7 Bg7 43. Rff7 Be5 {[%emt 0:02:38] Weighted Error Value: White=0.37/Black=0.17 (very precise)} 0-1

[Event "Swietokrzyskie GM Chess-ch 2022"]
[Site "Zagnansk"]
[Date "2022.05.01"]
[Round "2.2"]
[White "Chatalbashev, GM Boris"]
[Black "Samunenkov, FM Ihor"]
[Result "0-1"]
[ECO "D31"]
[WhiteElo "2539"]
[BlackElo "2372"]
[Annotator "TA"]
[PlyCount "96"]
[EventDate "2022.04.29"]
[EventCountry "POL"]
[SourceTitle "playchess.com"]
[Source "ChessBase"]
[SourceQuality "1"]
[TimeControl "40/5400+30:1800+30"]

1. d4 d5 2. c4 e6 3. Nc3 a6 4. cxd5 exd5 5. Nf3 Nf6 6. Bg5 {[%emt 0:00:05] D37: Queen's Gambit Declined: 5 Bf4.} Be6 7. e3 Nbd7 8. Bd3 {[%emt 0:00:11] White has an edge.} Bd6 9. O-O c6 $1 {[%emt 0:00:11] 9...c6 is better than 9...0-0.} 10. Bf4 Qc7 11. Bxd6 Qxd6 12. Qc2 O-O 13. h3 g6 14. Rfe1 Rfe8 15. a3 a5 16. Rac1 {[%emt 0:03:52] [#]} Nb6 $146 ({Predecessor:} 16... Rac8 17. Na4 Ne4 18. Bxe4 dxe4 19. Nd2 f5 20. Nc5 Nxc5 21. Qxc5 Qxc5 22. Rxc5 b6 {0-1 (62) Giri,A (2764)-Carlsen,M (2863) chess24.com INT 2020}) 17. Ne5 Nfd7 18. f4 f6 19. Nf3 Bf7 20. h4 f5 21. Ne5 Nf6 22. Qb3 Qd8 23. Kf2 h5 (23... Ng4+ {was preferrable.} 24. Nxg4 fxg4) 24. Nb1 Re7 25. Nd2 Nc8 26. Ndf3 Nd6 27. Ng5 Kg7 28. g3 (28. Ngxf7 Nxf7 29. Kg1 Nd6 $11) 28... Bg8 29. Kg2 Ra7 30. Re2 Ra8 31. Qc3 a4 32. Qb4 Nfe8 33. Rc5 Ne4 $1 34. Bxe4 dxe4 35. Rxc6 Rxe5 36. Rxg6+ $1 Kxg6 37. dxe5 {[%emt 0:00:03] [#] Strongly threatening Rd2.} Nc7 {[%emt 0:03:44] Hoping for ...Nd5.} 38. Rd2 (38. Qxb7 $11 Bb3 39. Qb6+ Ne6 40. Qb7 Nxg5 41. hxg5) 38... Nd5 $19 39. Qd4 Qe7 {[%emt 0:03:36] Against e6} 40. e6 $2 {[%emt 0:00:00] [#]} (40. Rc2 {was worth a try.}) 40... Nf6 $1 {[%emt 0:00:00] Black is clearly winning.} ({Worse is} 40... Rd8 41. Kg1 $17) 41. Qd6 Qxd6 42. Rxd6 Ra6 43. Rxa6 bxa6 44. e7 Ne8 45. Kf2 Kf6 46. g4 hxg4 47. h5 Kxe7 48. h6 Nf6 {[%emt 0:00:12] Weighted Error Value: White=0.57/Black=0.04 (flawless)} 0-1

[Event "Swietokrzyskie GM Chess-ch 2022"]
[Site "Zagnansk"]
[Date "2022.05.01"]
[Round "2.3"]
[White "Szpar, IM Milosz"]
[Black "Stoyanov, IM Tsvetan"]
[Result "1-0"]
[ECO "B22"]
[WhiteElo "2434"]
[BlackElo "2424"]
[Annotator "TA"]
[PlyCount "101"]
[EventDate "2022.04.29"]
[EventCountry "POL"]
[SourceTitle "playchess.com"]
[Source "ChessBase"]
[SourceQuality "1"]
[TimeControl "40/5400+30:1800+30"]

1. e4 c5 2. c3 Nf6 3. e5 Nd5 4. Nf3 Nc6 5. Bc4 Nb6 6. Bb3 d5 7. exd6 Qxd6 8. O-O Bf5 9. d4 cxd4 10. Nxd4 Nxd4 11. cxd4 e6 12. Nc3 Be7 13. Qf3 O-O 14. d5 {[%emt 0:03:03] B22: Sicilian: 2 c3.} Qd7 15. dxe6 Bxe6 16. Bxe6 {[%emt 0:01:16] White is slightly better.} (16. Rd1 $5 Qc8 17. h3 $14) 16... fxe6 {[%emt 0:00:08] [#]} 17. Qg4 $146 ({Predecessor:} 17. Qe4 Bf6 18. Be3 Nd5 19. Rac1 {½-½ (19) Fischer,A-Keilhack,H (2318) Germany 2001}) 17... Bf6 18. Ne4 Qd5 19. Rd1 Qf5 20. Qxf5 exf5 21. Nxf6+ Rxf6 22. Bf4 Rc6 23. Rd2 Re8 24. b3 Rce6 {[%emt 0:05:35] ( -> ...Re1+)} 25. Kf1 {[%emt 0:01:48] Inhibits Re1+.} h6 26. h4 {[%emt 0:01:12][%cal Bh2h4,Bh4h5][%mdl 32] Inhibits g5.} R8e7 27. Rad1 Kf7 28. h5 Rc6 29. g3 Ke6 30. Re1+ Kf7 31. Rxe7+ Kxe7 $16 {[%emt 0:00:00][%mdl 4096] Endgame KRB-KRN} 32. Be5 Kf7 33. Kg2 Re6 34. Bb8 {[%emt 0:00:06] White is more active.} a6 35. Kf3 Re7 {[%emt 0:00:33] [#]} 36. Kf4 $1 Kf6 ({Black should try} 36... Rd7 37. Re2 Rd5) 37. f3 ({Resist} 37. Rd6+ $6 Re6 $14) (37. Ba7 $142 Re6 38. Rd8) 37... Nd7 {[%emt 0:00:38] [#] This move loses the game for Black.} (37... g5+ $16 {is a better defense.} 38. hxg6 Rd7) 38. Bd6 $1 $18 Re8 (38... Rf7 $142 39. Ba3 g5+ 40. hxg6 Kxg6 41. Rd6+ Kh7) 39. Ba3 Nb6 40. Bb2+ Kf7 41. Kxf5 Rc8 42. g4 Rc5+ 43. Ke4 Rc6 44. f4 g6 45. f5 gxf5+ 46. gxf5 Nc8 $2 (46... a5 47. Rd8 Nc8) 47. Be5 {[%emt 0:06:09] Threatens to win with Rd7+.} Rc1 48. Rd7+ Ke8 49. Rh7 Re1+ $2 (49... Ne7) 50. Kd5 {[%emt 0:00:51] Ke6 would kill now.} Rc1 51. f6 {[%emt 0:02:15] Weighted Error Value: White=0.14 (very precise) /Black=0.26 (precise)} 1-0

[Event "Swietokrzyskie GM Chess-ch 2022"]
[Site "Zagnansk"]
[Date "2022.05.01"]
[Round "2.4"]
[White "Budisavljevic, GM Luka"]
[Black "Fus, FM Jakub"]
[Result "1/2-1/2"]
[ECO "D35"]
[WhiteElo "2509"]
[BlackElo "2377"]
[Annotator "TA"]
[PlyCount "118"]
[EventDate "2022.04.29"]
[EventCountry "POL"]
[SourceTitle "playchess.com"]
[Source "ChessBase"]
[SourceQuality "1"]
[TimeControl "40/5400+30:1800+30"]

1. d4 d5 2. c4 e6 3. Nc3 Nf6 4. cxd5 exd5 5. Bg5 c6 6. e3 h6 7. Bh4 Be7 8. Bd3 O-O 9. Qc2 Re8 10. Nge2 Nbd7 11. O-O Nh5 12. Bxe7 Qxe7 13. Rab1 a5 14. a3 Nhf6 {[%emt 0:04:14] D36: Queen's Gambit Declined: Exchange Variation: Main line (5 Bg5 c6 6 Qc2).} 15. Rfe1 Nb6 {[%emt 0:15:22] [#]} 16. Ng3 $146 ({Predecessor:} 16. h3 Bd7 17. Ng3 Be6 18. Rbd1 Qc7 19. Nge2 Nc8 20. Nf4 Nb6 21. Nb1 Qd6 22. Nd2 Bd7 23. Nf3 Bc8 24. Rb1 Nbd7 25. Rec1 a4 26. Ne2 Qe7 27. Nc3 Nb6 28. Nd2 {½-½ (28) Hinterberger,W (2350)-Schindler,S (2323) LSS email 2010}) 16... Be6 {[%emt 0:02:16] White has an edge.} 17. f3 c5 18. dxc5 Qxc5 19. Nb5 Qxc2 20. Bxc2 {[%emt 0:01:11] aiming for Nc7.} Rec8 {[%emt 0:00:08] Against Nc7} 21. Rec1 Nc4 22. Kf2 Rc5 23. Nd4 Nd2 24. Ra1 {[%emt 0:05:11][%cal Oc2h7] Black must now prevent Bh7+!} Rac8 25. Nge2 Bd7 26. b3 {[%emt 0:04:42][%cal Bb2b3,Bb3b4][%mdl 32] And now Ke1 would win.} a4 27. b4 R5c7 28. Bd3 Ne8 (28... Nc4 $142) 29. Rxc7 $16 Rxc7 30. Nf4 Nf6 31. Ke2 Nc4 32. Rc1 b5 33. Bxc4 dxc4 34. e4 {[%emt 0:01:52] White is more active.} g5 35. Nd5 (35. Nh3 $1 $14) 35... Nxd5 $11 36. exd5 {[%emt 0:00:01][%mdl 4096] Endgame KRB-KRN} Kf8 37. Ke3 Rc8 $1 38. Nc2 Ke7 39. Kd4 Kd6 40. Ne3 Re8 41. Re1 Re7 {[%emt 0:26:28] [#]} (41... Kc7 $11) 42. g4 (42. h4 $1 $16) 42... f6 {[%emt 0:02:39] [#]} (42... f5 $14) 43. h4 $1 $16 gxh4 ({Black should try} 43... Rf7 $1 $14) 44. Rh1 c3 $2 (44... h5 $16 {was necessary.}) 45. Rxh4 $18 Re5 $2 (45... Rh7 46. f4 (46. Kxc3 Ke5 $16) 46... Rh8 47. Kxc3 Be8) 46. Rxh6 c2 47. Rh1 f5 48. Rh6+ Be6 49. Nxc2 Rxd5+ 50. Kc3 Ke5 {[%emt 0:02:15] Prevents Nd4.} 51. Ne3 Rd7 52. gxf5 (52. f4+ $1 $18 {is the precise move to win.} Kxf4 53. Rxe6 fxg4 54. Ng2+ Kg3 55. Ne1) 52... Bb3 (52... Bxf5 $16 {keeps fighting.} 53. Nxf5 Kxf5) 53. Rb6 $2 (53. Rc6 $18) 53... Kf4 $11 {[%emt 0:00:23][%csl LRe3,LRf3] The position is equal.} 54. Ng4 Bc4 {[%emt 0:00:30] Strongly threatening ...Rd3+.} 55. f6 Rd3+ 56. Kc2 {[%emt 0:00:01][%cal Of6f7] Hoping for f7!} Rxf3 (56... Rxa3 $2 57. f7 Bxf7 58. Rf6+ Kg3 59. Rxf7 $18) 57. Nh6 Ke4 58. f7 Rf2+ 59. Kd1 Rf1+ {[%emt 0:00:10] Black defended with fortune.  Weighted Error Value: White=0.17 (very precise) /Black=0.22 (precise)} 1/2-1/2

[Event "Swietokrzyskie GM Chess-ch 2022"]
[Site "Zagnansk"]
[Date "2022.05.01"]
[Round "2.5"]
[White "Mikrut, IM Dariusz"]
[Black "Pacan-Milej, FM Kosma"]
[Result "1/2-1/2"]
[ECO "E71"]
[WhiteElo "2361"]
[BlackElo "2404"]
[Annotator "TA"]
[PlyCount "86"]
[EventDate "2022.04.29"]
[EventCountry "POL"]
[SourceTitle "playchess.com"]
[Source "ChessBase"]
[SourceQuality "1"]
[TimeControl "40/5400+30:1800+30"]

1. d4 Nf6 2. c4 g6 3. Nc3 Bg7 4. e4 d6 5. h3 O-O 6. Be3 c5 7. d5 {[%emt 0:02:06] E71: King's Indian: 4 e4 d6 5 h3.} e6 8. Nf3 exd5 9. exd5 Bf5 10. Bd3 Bxd3 11. Qxd3 a6 12. a4 Re8 13. O-O Nbd7 14. Rfe1 {[%emt 0:08:03] [#]} Qb6 $146 ({Predecessor:} 14... Qc7 15. Bf4 Rad8 16. Qd2 Nb6 17. b3 Nc8 18. Rxe8+ Rxe8 19. Re1 Qd7 20. Rxe8+ Qxe8 21. Qe3 Qxe3 22. Bxe3 Ng4 {½-½ (22) Savage,N (2058)-Barnes,M (2247) England 2010}) 15. Qc2 Ne5 16. Nd2 h6 17. b4 Ned7 18. b5 Ne5 19. a5 Qd8 20. bxa6 bxa6 21. Na4 Rb8 22. Nb6 Nfd7 23. Nxd7 Qxd7 24. Rab1 {[%emt 0:00:12] Inhibits Rb2.} Qc7 $1 25. Rxb8 Rxb8 26. Rb1 Kh7 27. Rxb8 {[%emt 0:16:34] The position is equal.} Qxb8 28. f4 Nd7 29. Qa4 Qe8 30. Nf1 Bd4 31. Bxd4 cxd4 32. Qc6 Qe7 {[%emt 0:00:08] [#] aiming for ...Nc5.} 33. Qxa6 {[%emt 0:00:37] Black must now prevent Qa7.} ({Of course not} 33. Qb7 d3 $15) 33... Nc5 34. Qb6 {[%emt 0:00:08] Hoping for a6.} d3 $1 35. a6 {[%emt 0:00:46] And now a7 would win.} d2 {[%emt 0:00:25][%mdl 64] [#] Decoy} 36. Nxd2 {[%emt 0:00:25] Strongly threatening Nf1.} Qe3+ 37. Kh1 Qxd2 38. Qxd6 Ne4 {[%emt 0:00:19] ( -> ...Ng3+)} 39. Qc7 Qe1+ 40. Kh2 Qg3+ 41. Kg1 Qf2+ 42. Kh2 Qg3+ 43. Kg1 Qf2+ {[%emt 0:00:03] Weighted Error Value: White=0.06 (flawless) /Black=0.05 (flawless)} 1/2-1/2

[Event "Swietokrzyskie GM Chess-ch 2022"]
[Site "Zagnansk"]
[Date "2022.05.01"]
[Round "3.1"]
[White "Pacan-Milej, FM Kosma"]
[Black "Kowalski, IM Igor"]
[Result "1-0"]
[ECO "D45"]
[WhiteElo "2404"]
[BlackElo "2370"]
[Annotator "TA"]
[PlyCount "65"]
[EventDate "2022.04.29"]
[EventCountry "POL"]
[SourceTitle "playchess.com"]
[Source "ChessBase"]
[SourceQuality "1"]
[TimeControl "40/5400+30:1800+30"]

1. d4 d5 2. c4 c6 3. Nc3 Nf6 4. e3 e6 5. Nf3 Nbd7 6. Be2 Bd6 7. O-O O-O 8. b3 Ne4 9. Bb2 f5 10. Rc1 {[%emt 0:02:25] D45: Semi-Slav: 5 e3.} Qf6 11. Rc2 Qh6 {[%emt 0:06:18] [#]} 12. g3 $146 {[%emt 0:02:49] The position is equal.} ({Predecessor:} 12. Na4 g5 13. Ne5 g4 14. Qe1 Qg7 15. Nd3 Rf6 16. Nf4 Rh6 17. f3 Bxf4 18. exf4 Rxh2 19. fxe4 {0-1 (38) Rohde,M (2555)-Machulsky,A (2495) New York 1990}) 12... g5 13. Qc1 g4 14. Nxe4 dxe4 15. Nh4 Be7 16. Ng2 Bg5 17. Rd1 Nf6 18. Ba3 Re8 19. Nf4 Bd7 20. Bd6 Qg7 21. Qa3 Qf7 22. Qb4 b6 23. a4 Bh6 24. a5 Bf8 25. Ra2 {[%emt 0:05:15] 0x0.0024a73b40f9dp-1022s more active pieces.} Reb8 26. axb6 $18 {[%emt 0:03:03] [#] b7 is the strong threat.} axb6 27. Rxa8 Rxa8 28. Bxf8 Qxf8 29. Qxb6 Rb8 30. Qc7 Rxb3 31. Qe5 {[%emt 0:00:11] Threatens to win with d5.} Kf7 {[%emt 0:03:02] [#]} 32. d5 (32. h3 $1 $18 {[%cal Rh3g4] and the rest is easy.}) 32... exd5 $16 (32... cxd5 $2 33. cxd5 exd5 34. Nxd5 Nxd5 35. Bc4 $18 (35. Qxd5+ Be6 $16)) 33. cxd5 {[%emt 0:00:04] Weighted Error Value: White=0.13 (very precise) /Black=0.19 (very precise)} 1-0